 Dungeon Crawl Stone Soup version 0.17.0-7-gfadd4cc (console) character file.

56 gw the Grasshopper (level 4, -2/34 HPs)
             Began as a Human Warper on Nov 8, 2015.
             Slain by a worm (8 damage)
             ... on level 2 of the Dungeon.
             The game lasted 00:01:52 (1738 turns).

gw the Grasshopper (Human Warper)                   Turns: 1738, Time: 00:01:52

Health: -2/34      AC:  3    Str: 11    XL:     4   Next: 17%
Magic:  1/8        EV: 12    Int: 15    God:
Gold:   61         SH:  0    Dex: 12    Spells: 3 memorised, 3 levels left

rFire  . . .     SeeInvis .     a - +0 hand axe
rCold  . . .     Clarity  .     b - +0 leather armour
rNeg   . . .     SustAt   .     (no shield)
rPois  .         Gourm    .     (no helmet)
rElec  .         Spirit   .     (no cloak)
rCorr  .         Warding  .     (no gloves)
rMut   .         Stasis   .     (no boots)
MR     .....                    (no amulet)
Stlth  +.........               (no ring)
                                (no ring)

@: lethally poisoned (-2 -> -2), very slightly contaminated, not resistant to
hostile enchantments, very unstealthy
A: no striking features
a: no special abilities


You were on level 2 of the Dungeon.
You were very hungry.

You visited 1 branch of the dungeon, and saw 2 of its levels.

You collected 61 gold pieces.

Inventory:

Hand Weapons
 a - a +0 hand axe (weapon)
Missiles
 e - 28 stones (quivered)
Armour
 b - a +0 leather armour (worn)
Scrolls
 d - a scroll of blinking
Books
 c - a book of Spatial Translocations

   Spells                             Type                      Level
   a - Apportation                    Translocation                1
   b - Blink                          Translocation                2
   c - Shroud of Golubria             Charms/Translocation         2
   d - Portal Projectile              Translocation                3
   e - Teleport Other                 Translocation                3
   f - Passage of Golubria            Translocation                4
Comestibles
 f - a bread ration


   Skills:
 + Level 2.4 Fighting
 + Level 2.1 Axes
 + Level 1.4 Throwing
 + Level 1.5 Armour
 - Level 2.0 Dodging
 * Level 2.7 Spellcasting
 + Level 3.3 Translocations


You had 3 spell levels left.
You knew the following spells:

 Your Spells              Type           Power        Failure   Level  Hunger
a - Apportation           Tloc           ##........   10%         1    #......
b - Blink                 Tloc           N/A          12%         2    ##.....
c - Shroud of Golubria    Chrm/Tloc      #.........   24%         2    ##.....


Dungeon Overview and Level Annotations

Branches:
Dungeon (2/15)

Altars:


Message History

KIIIITING; ATTACKING (1,0)
You hit the worm.
The worm is lightly wounded.
Unknown command.
Unknown command.
Unknown command.
Unknown command.
KIIIITING; ATTACKING (1,0)
You barely miss the worm.
The worm is lightly wounded.
The worm bites you.
Unknown command.
Unknown command.
Unknown command.
Unknown command.
KIIIITING; ATTACKING (1,0)
You hit the worm.
The worm is moderately wounded.
You feel sick. The worm bites you!
You die...

#. ###.########
#...#<......
+...........
#.###(......
#.###.......
########...........
#.pw((...####......
########..# #......
##!# #......
..##......
#.##......
.##.(.... .########
.#


You could see a worm.

Table legend:
 A = Turns spent in this place as a percentage of turns spent in the entire game.
 B = Non-inter-level travel turns spent in this place as a percentage of non-inter-level travel turns spent in the entire game.
 C = Inter-level travel turns spent in this place as a percentage of turns spent in this place.
 D = Turns resting spent in this place as a percentage of non-inter-level travel turns spent in this place.
 E = Turns spent auto-exploring this place as a percentage of non-inter-level travel turns spent in this place.
 F = Non-inter-level travel turns spent in this place divided by the number of levels of this place that you've seen.
                   A       B       C       D       E      F
               +-------+-------+-------+-------+-------+----------------------
         Total | 100.0 | 100.0 |   0.6 |   2.2 |   1.6 | 1334.0
       Dungeon | 100.0 | 100.0 |   0.6 |   2.2 |   1.6 | 1334.0
               +-------+-------+-------+-------+-------+----------------------

Table legend:
 A = Kills in this place as a percentage of kills in entire the game.
 B = Kills by you in this place as a percentage of kills by you in the entire game.
 C = Kills by friends in this place as a percentage of kills by friends in the entire game.
 D = Other kills in this place as a percentage of other kills in the entire game.
 E = Experience gained in this place as a percentage of experience gained in the entire game.
 F = Experience gained in this place divided by the number of levels of this place that you have seen.
                   A       B       C       D       E      F
               +-------+-------+-------+-------+-------+----------------------
         Total | 100.0 | 100.0 |  -nan |  -nan | 100.0 |  40.5
       Dungeon | 100.0 | 100.0 |  -nan |  -nan | 100.0 |  40.5
               +-------+-------+-------+-------+-------+----------------------

Vanquished Creatures
  An adder (D:2)
  2 oozes (D:1)
  A giant cockroach (D:1)
  5 goblins (D:1)
  3 hobgoblins (D:1)
  7 jackals (D:1)
  5 kobolds (D:1)
  4 bats (D:1)
  A giant gecko (D:1)
  3 giant newts (D:1)
  6 rats (D:1)
38 creatures vanquished.

Notes
Turn   | Place    | Note
--------------------------------------------------------------
     0 | D:1      | gw the Human Warper began the quest for the Orb.
     0 | D:1      | Reached XP level 1. HP: 16/16 MP: 3/3
    69 | D:1      | Reached XP level 2. HP: 12/22 MP: 5/5
   263 | D:1      | Learned a level 2 spell: Blink
   266 | D:1      | Learned a level 2 spell: Shroud of Golubria
   626 | D:1      | Reached XP level 3. HP: 19/28 MP: 1/6
  1729 | D:2      | Reached XP level 4. HP: 13/34 MP: 0/8
  1738 | D:2      | Slain by a worm

Action                   |  1- 3 |  4- 6 || total
-------------------------+-------+-------++-------
Melee: Hand axe          |   103 |     4 ||   107
Throw: Tomahawk          |     5 |       ||     5
       Stone             |    60 |     5 ||    65
 Cast: Shroud of Golubri |    25 |       ||    25
       Blink             |     1 |       ||     1
  Eat: Chunk             |     4 |       ||     4

Vault maps used:
D:1:      dpeg_chamrin_arrival_tetris, minivault_26
D:2:      minmay_overflow_temple_star_quad, uniq_terence, uniq_sigmund
